 Dungeon Crawl Stone Soup version 0.31.0-11-ge490571c62 (webtiles) character file.

Game seed: 4628349766825524006

163 Gadfly the Ruffian (level 5, -4/38 HPs)
             Began as a Demonspawn Shapeshifter on Jan 27, 2024.
             Killed by nerve-wracking pain
             ... invoked by Grinder
              (10 damage)
             ... on level 3 of the Dungeon.
             The game lasted 00:03:03 (2950 turns).

Gadfly the Ruffian (Demonspawn Shapeshifter)        Turns: 2950, Time: 00:03:04

Health: -4/38      AC:  2    Str: 16    XL:     5   Next: 20%
Magic:  5/5        EV: 12    Int: 10    God:
Gold:   72         SH:  0    Dex: 13    Spells: 4/4 levels left

rFire   . .          .
                       - Unarmed
rCold   . . .        (no shield)
rNeg    . . .        a - +0 animal skin
rPois   .            (helmet currently unavailable)
rElec   .            (cloak currently unavailable)
rCorr   .            (gloves currently unavailable)
SInv    .            (boots currently unavailable)
Will    +....        (no amulet)
Stlth   +            g - ring of flight
HPRegen 0.26/turn    h - ring of willpower
MPRegen 0.09/turn

%: no passive effects
@: beast-form, flying
A: beast (slay +1), demonic guardian 2, weakness stinger 1
a: Begin Untransformation


You were on level 3 of the Dungeon.
You were a hulking beast.
You visited 1 branch of the dungeon, and saw 3 of its levels.

You collected 72 gold pieces.

Inventory:

Armour
 a - a +0 animal skin (worn)
Jewellery
 e - a ring of ice
 g - a ring of flight (left hand)
 h - a ring of willpower (right hand)
Talismans
 c - a beast talisman
 d - a flux talisman
 f - a dragon-blood talisman
Wands
 l - a wand of polymorph (6) (quivered)
Scrolls
 m - a scroll of teleportation {unknown}
Potions
 b - a potion of invisibility {unknown}
 i - a potion of cancellation {unknown}
 j - a potion of might {unknown}
 k - a potion of degeneration {unknown}
 n - 2 potions of resistance {unknown}


   Skills:
 + Level 2.1 Fighting
 * Level 3.0 Dodging
 + Level 3.2 Unarmed Combat
 * Level 2.3 Evocations
 + Level 3.1 Shapeshifting


You had 4 spell levels left.
You didn't know any spells.
Your spell library was empty.

Dungeon Overview and Level Annotations

Branches:
Dungeon (3/15)

Altars:

Annotations:
D:3 Grinder


Innate Abilities, Weirdness & Mutations

You are a hulking beast.
Your limbs bulge with bestial killing power. (Slay +1)
A demonic guardian rushes to your aid.
You have a small tail.


Message History

Grinder hits you!
You writhe in agony.
You completely miss Grinder.
Grinder is lightly wounded.
Grinder hits you!
A demonic guardian appears!
You writhe in agony.
You are too injured to fight recklessly!
You are too injured to fight recklessly!
You are too injured to fight recklessly!
You are too injured to fight recklessly!
You are too injured to fight recklessly!
You are too injured to fight recklessly!
You are too injured to fight recklessly!
You are too injured to fight recklessly!
You are too injured to fight recklessly!
Unknown command.
Grinder blinks!
An adder is nearby!
The adder closely misses your ice devil.
Your ice devil barely misses Grinder.
You are too injured to fight recklessly!
You hit the adder. You tail-slap the adder.
The adder is almost dead.
The adder bites you.
You hit the adder.
You kill the adder!
Your ice devil barely misses Grinder.
Grinder hits your ice devil.
Your ice devil barely misses Grinder.
Grinder hits your ice devil but does no damage.
Grinder blinks!
Grinder blinks!
Grinder grins, showing sharp teeth.
Your ice devil hits Grinder.
Your ice devil freezes Grinder.
Grinder resists.
Grinder hits you.
You writhe in agony.
* * * LOW HITPOINT WARNING * * *
You hit Grinder but do no damage.
Grinder is lightly wounded.
Your ice devil closely misses Grinder.
Grinder gestures at you. Pain shoots through your body!
You die...
Grinder says, "Now the real fun starts!"

. #.####. #. ..
#.#... #..## #...#
#...###..#####
#........... .
#......# #.#..#....#
#...##.)#.######
###.##...#.h54..#
.........####.......
.........####.....>.
.............<......
.........###........
.....#..............
#######.............
#........####.## #
#######..........


You could see Grinder (ally target) and a friendly ice devil (summoned).

Vanquished Creatures
  An orc wizard (D:2)
  6 adders
  3 dart slugs (D:1)
  2 orcs (D:3)
  7 bats
  5 endoplasms
  2 giant cockroaches
  3 goblins
  2 hobgoblins
  A quokka (D:1)
  8 ball pythons
  5 frilled lizards
  6 kobolds
  A rat (D:1)
52 creatures vanquished.

Vanquished Creatures (collateral kills)
  Natasha (D:3)
  An orc (D:3)
  A quokka (D:3)
3 creatures vanquished.

Grand Total: 55 creatures vanquished

Notes
Turn   | Place    | Note
-------+----------+-------------------------------------------
     0 | D:1      | Gadfly the Demonspawn Shapeshifter began the quest for the
                  | Orb.
     0 | D:1      | Reached XP level 1. HP: 15/15 MP: 1/1
   193 | D:1      | Gained mutation: You have a small tail. [demonic ancestry]
   193 | D:1      | Reached XP level 2. HP: 18/21 MP: 2/2
   618 | D:1      | Reached skill level 1 in Evocations
   734 | D:1      | Gained mutation: A weak demonic guardian rushes to your
                  | aid. [demonic ancestry]
   734 | D:1      | Reached XP level 3. HP: 24/26 MP: 3/3
  1350 | D:3      | HP: 1/27 [orc/+0 flail (6)]
  1711 | D:2      | Reached XP level 4. HP: 29/33 MP: 4/4
  2723 | D:3      | Found a faded altar of an unknown god.
  2773 | D:3      | Noticed Natasha
  2786 | D:3      | Killed Natasha
  2787 | D:3      | Gained mutation: A demonic guardian rushes to your aid.
                  | [demonic ancestry]
  2787 | D:3      | Reached XP level 5. HP: 7/38 MP: 5/5
  2925 | D:3      | Noticed Grinder
  2950 | D:3      | Killed from afar by Grinder

Illustrated notes

Levels and vault maps discovered:
D:1:      amcnicky_arrival_double_pillar, layout_basic
D:2:      layout_basic, dk_noncrumbling_2, small_statue_intersection,
          kennysheep_another_room, item_on_display_a
D:3:      layout_rooms, ebering_ecumenical_altar_abandoned, uniq_grinder,
          uniq_crazy_yiuf_cottage, uniq_natasha

Skill      XL: |  1  2  3  4 |
---------------+-------------+-----
Dodging        | 2 3 |  3.0
Evocations     | 1 2 |  2.3
Unarmed Combat | 3 |  3.2
Shapeshifting  | 3 |  3.1
Fighting       | 2 |  2.1

Action                     |  1- 3 |  4- 6 || total
---------------------------+-------+-------++-------
  Melee: Unarmed           |   110 |    52 ||   162
         Punch             |     2 |     2 ||     4
         Tailslap          |     8 |     7 ||    15
    Use: Potion            |     1 |       ||     1
         Scroll            |       |     4 ||     4
   Stab: Sleeping          |     2 |     1 ||     3
 Armour: Animal skin       |    66 |    35 ||   101
         Skin              |     3 |       ||     3
  Dodge: Dodged            |    94 |    26 ||   120
